TOP OF THE 1ST |
Seattle Mariners batting - Pitching for Texas Rangers : RHP Pimbly Nimblebottom
|
Pitching: RHP Pimbly Nimblebottom
|
|
Batting: LHB Dae-ik Yoon
|
0-0: Called Strike 0-1: Ball 1-1: Ball 2-1: Foul Ball, location: 2F 2-2: Foul Ball, location: 2F 2-2: Ball 3-2: Fly out, F2 (Popup, 25F, EV 83.8 MPH)
|
Batting: SHB Floyd-William Goof
|
0-0: Called Strike 0-1: Ball 1-1: Swinging Strike 1-2: Ground out 4-3 (Groundball, 4, EV 91.2 MPH)
|
Batting: LHB Bi-jun Chien
|
0-0: Ball 1-0: SINGLE (Groundball, 4D, EV 101.9 MPH)
|
Batting: RHB Bobby Larson
|
0-0: Ball Bi-jun Chien steals 2nd base 1-0: Called Strike 1-1: Foul Ball, location: 2F 1-2: Ground out 5-3 (Groundball, 15, EV 79.4 MPH)
|
Top of the 1st over - 0 runs, 1 hit, 0 errors, 1 left on base; Seattle 0 - Texas 0 |
BOTTOM OF THE 1ST |
Texas Rangers batting - Pitching for Seattle Mariners : RHP Takaaki Nakada
|
Pitching: RHP Takaaki Nakada
|
|
Batting: LHB Sean Geisler
|
0-0: Ball 1-0: Called Strike 1-1: Ball 2-1: Called Strike 2-2: Foul Ball, location: 2F 2-2: Foul Ball, location: 2F 2-2: Foul Ball, location: 2F 2-2: Ball 3-2: Ground out 4-3 (Groundball, 4S, EV 83.8 MPH)
|
Batting: SHB Jun Tsuda
|
0-0: Foul Ball, location: 2F 0-1: Foul Ball, location: 2F 0-2: Ball 1-2: Ball 2-2: Ground out 6-3 (Groundball, 4M, EV 108.8 MPH)
|
Batting: RHB Bobby Ayala
|
0-0: Called Strike 0-1: Ball 1-1: Ball 2-1: Called Strike 2-2: Ball 3-2: Base on Balls
|
Batting: SHB Moe Lester
|
0-0: Called Strike 0-1: Called Strike 0-2: Foul Ball, location: 2F 0-2: Ball 1-2: Foul Ball, location: 2F 1-2: Ball 2-2: Fly out, F7 (Line Drive, 78S, EV 88.1 MPH)
|
Bottom of the 1st over - 0 runs, 0 hits, 0 errors, 1 left on base; Seattle 0 - Texas 0 |
TOP OF THE 2ND |
Seattle Mariners batting - Pitching for Texas Rangers : RHP Pimbly Nimblebottom
|
Batting: RHB Jose Vasquez
|
0-0: Ball 1-0: Foul Ball, location: 2F 1-1: Ball 2-1: Fly out, F7 (Flyball, 7S, EV 83.1 MPH)
|
Batting: RHB Tony Vargas
|
0-0: Foul Ball, location: 2F 0-1: Foul Ball, location: 2F 0-2: Ball 1-2: Ball 2-2: Ball 3-2: Base on Balls
|
Batting: RHB Harutomi Matsubara
|
0-0: Called Strike 0-1: Grounds into double play, 6-4-3 (Groundball, 6, EV 86.2 MPH)
|
Top of the 2nd over - 0 runs, 0 hits, 0 errors, 0 left on base; Seattle 0 - Texas 0 |
BOTTOM OF THE 2ND |
Texas Rangers batting - Pitching for Seattle Mariners : RHP Takaaki Nakada
|
Batting: SHB Tze-meng Gan
|
0-0: Ball 1-0: Ball 2-0: Called Strike 2-1: Swinging Strike 2-2: Strikes out swinging
|
Batting: LHB Cody Schumacher
|
0-0: Ball 1-0: Called Strike 1-1: Ground out 4-3 (Groundball, 4, EV 111.9 MPH)
|
Batting: RHB Ray Llewellyn
|
0-0: Foul Ball, location: 2F 0-1: Ball 1-1: Ball 2-1: Called Strike 2-2: DOUBLE (Flyball, 8LXD, EV 108.1 MPH)
|
Batting: LHB Andy Bowman
|
0-0: Ball 1-0: Ball 2-0: Ball 3-0: Base on Balls
|
Batting: RHB Cody Flowers
|
0-0: Swinging Strike 0-1: Ball 1-1: Fly out, F3 (Line Drive, 3, EV 70.0 MPH)
|
Bottom of the 2nd over - 0 runs, 1 hit, 0 errors, 2 left on base; Seattle 0 - Texas 0 |
TOP OF THE 3RD |
Seattle Mariners batting - Pitching for Texas Rangers : RHP Pimbly Nimblebottom
|
Batting: RHB Jimmy Hammertime
|
0-0: Called Strike 0-1: SINGLE (Groundball, 6MD, EV 98.8 MPH)
|
Batting: RHB Corey Ottinger
|
0-0: Ball 1-0: Ball 2-0: Called Strike 2-1: Foul Ball, location: 2F 2-2: Ball 3-2: Strikes out looking
|
Batting: LHB Dae-ik Yoon
|
0-0: Ball 1-0: Fielders Choice at 2nd, 6-4 (Groundball, 6, EV 81.2 MPH)
|
Batting: SHB Floyd-William Goof
|
0-0: Called Strike 0-1: Fielders Choice at 2nd, 6-4 (Groundball, 6, EV 110.0 MPH)
|
Top of the 3rd over - 0 runs, 1 hit, 0 errors, 1 left on base; Seattle 0 - Texas 0 |
BOTTOM OF THE 3RD |
Texas Rangers batting - Pitching for Seattle Mariners : RHP Takaaki Nakada
|
Batting: LHB Sean Geisler
|
0-0: Called Strike 0-1: Called Strike 0-2: Ball 1-2: Ball 2-2: Foul Ball, location: 2F 2-2: Ground out 4-3 (Groundball, 4, EV 83.1 MPH)
|
Batting: SHB Jun Tsuda
|
0-0: Called Strike 0-1: Ball 1-1: Foul Ball, location: 2F 1-2: Ball 2-2: Ball 3-2: DOUBLE (Groundball, 3L, EV 95.6 MPH)
|
Batting: RHB Bobby Ayala
|
0-0: Foul Ball, location: 2F 0-1: Ball 1-1: Foul Ball, location: 2F 1-2: Ball 2-2: Ground out 4-3 (Groundball, 4MD, EV 100.6 MPH) Jun Tsuda to third
|
Batting: SHB Moe Lester
|
0-0: Ball 1-0: Swinging Strike 1-1: Ball 2-1: Ball 3-1: Foul Ball, location: 2F 3-2: Base on Balls
|
Batting: SHB Tze-meng Gan
|
0-0: Called Strike 0-1: Ball 1-1: Swinging Strike 1-2: Foul Ball, location: 2F 1-2: Ball 2-2: Strikes out swinging
|
Bottom of the 3rd over - 0 runs, 1 hit, 0 errors, 2 left on base; Seattle 0 - Texas 0 |
TOP OF THE 4TH |
Seattle Mariners batting - Pitching for Texas Rangers : RHP Pimbly Nimblebottom
|
Batting: LHB Bi-jun Chien
|
0-0: Called Strike 0-1: Fly out, F7 (Flyball, 78M, EV 80.0 MPH)
|
Batting: RHB Bobby Larson
|
0-0: Ground out 5-3 (Groundball, 56S, EV 75.0 MPH)
|
Batting: RHB Jose Vasquez
|
0-0: Ball 1-0: Foul Ball, location: 2F 1-1: Ball 2-1: Foul Ball, location: 2F 2-2: SINGLE (Groundball, 56D, EV 110.6 MPH)
|
Batting: RHB Tony Vargas
|
0-0: Ball 1-0: Called Strike 1-1: Called Strike 1-2: Ball 2-2: Foul Ball, location: 2F 2-2: Strikes out looking
|
Top of the 4th over - 0 runs, 1 hit, 0 errors, 1 left on base; Seattle 0 - Texas 0 |
BOTTOM OF THE 4TH |
Texas Rangers batting - Pitching for Seattle Mariners : RHP Takaaki Nakada
|
Pitching: RHP Jesse Crockett
|
|
Batting: LHB Cody Schumacher
|
0-0: Called Strike 0-1: DOUBLE (Line Drive, 7LD, EV 107.5 MPH)
|
Batting: RHB Ray Llewellyn
|
0-0: Called Strike 0-1: SINGLE (Groundball, 56S, EV 70.0 MPH) (infield hit) Cody Schumacher to third
|
Batting: LHB Andy Bowman
|
0-0: Called Strike 0-1: Foul Ball, location: 2F 0-2: Foul Ball, location: 2F 0-2: Grounds into double play, 4-6-3 (Groundball, 4, EV 90.6 MPH) Cody Schumacher scores
|
Batting: RHB Cody Flowers
|
0-0: Ball 1-0: Ball 2-0: Ball 3-0: Base on Balls
|
Batting: LHB Sean Geisler
|
0-0: Called Strike Cody Flowers is caught stealing 2nd base 2-6
|
Bottom of the 4th over - 1 run, 2 hits, 0 errors, 0 left on base; Seattle 0 - Texas 1 |
TOP OF THE 5TH |
Seattle Mariners batting - Pitching for Texas Rangers : RHP Pimbly Nimblebottom
|
Batting: RHB Harutomi Matsubara
|
0-0: Called Strike 0-1: Foul Ball, location: 2F 0-2: Strikes out swinging
|
Batting: RHB Jimmy Hammertime
|
0-0: Ball 1-0: DOUBLE (Line Drive, 78D, EV 101.9 MPH)
|
Batting: RHB Corey Ottinger
|
0-0: Ground out 4-3 (Groundball, 4, EV 87.5 MPH) Jimmy Hammertime to third
|
Now at 1B: Butch Kaiser
|
|
Now at 2B: Bobby Ayala
|
|
Batting: LHB Dae-ik Yoon
|
0-0: Ball 1-0: Ground out 4-3 (Groundball, 4, EV 83.8 MPH)
|
Top of the 5th over - 0 runs, 1 hit, 0 errors, 1 left on base; Seattle 0 - Texas 1 |
BOTTOM OF THE 5TH |
Texas Rangers batting - Pitching for Seattle Mariners : RHP Jesse Crockett
|
Batting: LHB Sean Geisler
|
0-0: Swinging Strike 0-1: Ground out 3-1 (Groundball, 3L, EV 111.2 MPH)
|
Batting: SHB Jun Tsuda
|
0-0: Foul Ball, location: 2F 0-1: Swinging Strike 0-2: Ball 1-2: Ball 2-2: Ground out 6-3 (Groundball, 4M, EV 100.0 MPH)
|
Batting: RHB Bobby Ayala
|
0-0: Called Strike 0-1: Called Strike 0-2: Ball 1-2: Fly out, F9 (Flyball, 9LD, EV 91.9 MPH)
|
Bottom of the 5th over - 0 runs, 0 hits, 0 errors, 0 left on base; Seattle 0 - Texas 1 |
TOP OF THE 6TH |
Seattle Mariners batting - Pitching for Texas Rangers : RHP Pimbly Nimblebottom
|
Batting: SHB Floyd-William Goof
|
0-0: Fly out, F3 (Popup, 34S, EV 86.2 MPH)
|
Batting: LHB Bi-jun Chien
|
0-0: Called Strike 0-1: Ground out 2-3 (Groundball, 13S, EV 64.4 MPH)
|
Batting: RHB Bobby Larson
|
0-0: Ball 1-0: Swinging Strike 1-1: DOUBLE (Flyball, 8LXD, EV 103.8 MPH)
|
Batting: RHB Jose Vasquez
|
0-0: Called Strike 0-1: Ball 1-1: Ball 2-1: Ball 3-1: Base on Balls
|
Batting: RHB Tony Vargas
|
0-0: Ball 1-0: Fly out, F8 (Line Drive, 8LD, EV 96.9 MPH)
|
Top of the 6th over - 0 runs, 1 hit, 0 errors, 2 left on base; Seattle 0 - Texas 1 |
BOTTOM OF THE 6TH |
Texas Rangers batting - Pitching for Seattle Mariners : RHP Jesse Crockett
|
Batting: SHB Moe Lester
|
0-0: Foul Ball, location: 2F 0-1: Called Strike 0-2: Ball 1-2: Ball 2-2: Ground out 4-3 (Groundball, 4S, EV 70.6 MPH)
|
Batting: SHB Tze-meng Gan
|
0-0: Called Strike 0-1: Ground out 4-3 (Groundball, 4, EV 103.8 MPH)
|
Batting: LHB Cody Schumacher
|
0-0: Called Strike 0-1: Ball 1-1: Ball 2-1: Ground out 1-3 (Groundball, 34S, EV 65.0 MPH)
|
Bottom of the 6th over - 0 runs, 0 hits, 0 errors, 0 left on base; Seattle 0 - Texas 1 |
TOP OF THE 7TH |
Seattle Mariners batting - Pitching for Texas Rangers : RHP Pimbly Nimblebottom
|
Batting: RHB Harutomi Matsubara
|
0-0: Ball 1-0: Ball 2-0: Fly out, F9 (Flyball, 89S, EV 89.4 MPH)
|
Batting: RHB Jimmy Hammertime
|
0-0: Ball 1-0: Ground out 6-3 (Groundball, 6, EV 86.2 MPH)
|
Batting: RHB Corey Ottinger
|
0-0: Called Strike 0-1: Ball 1-1: SINGLE (Line Drive, 89S, EV 108.1 MPH)
|
Batting: LHB Dae-ik Yoon
|
0-0: Ball 1-0: Foul Ball, location: 2F 1-1: Ball 2-1: Ball 3-1: Foul Ball, location: 2F 3-2: Foul Ball, location: 2F 3-2: Base on Balls Corey Ottinger to second
|
Batting: SHB Floyd-William Goof
|
0-0: Ball 1-0: Called Strike 1-1: Ball 2-1: Swinging Strike 2-2: Hit by Pitch Corey Ottinger to third Dae-ik Yoon to second
|
Pitching: RHP Kyle Curve
|
|
Batting: LHB Bi-jun Chien
|
0-0: Ball 1-0: Fly out, F8 (Line Drive, 8RS, EV 91.9 MPH)
|
Top of the 7th over - 0 runs, 1 hit, 0 errors, 3 left on base; Seattle 0 - Texas 1 |
BOTTOM OF THE 7TH |
Texas Rangers batting - Pitching for Seattle Mariners : RHP Jesse Crockett
|
Pitching: RHP David Sly
|
|
Batting: RHB Ray Llewellyn
|
0-0: Ball 1-0: Ball 2-0: Ball 3-0: Foul Ball, location: 2F 3-1: Base on Balls
|
Batting: LHB Andy Bowman
|
0-0: Fly out, F4 (Line Drive, 4, EV 72.5 MPH)
|
Batting: RHB Butch Kaiser
|
0-0: Fly out, F7 (Flyball, 78S, EV 76.9 MPH)
|
Batting: LHB Sean Geisler
|
0-0: Ball Wild Pitch! Ray Llewellyn to second 1-0: Called Strike 1-1: Ball 2-1: Swinging Strike 2-2: Strikes out swinging
|
Bottom of the 7th over - 0 runs, 0 hits, 0 errors, 1 left on base; Seattle 0 - Texas 1 |
TOP OF THE 8TH |
Seattle Mariners batting - Pitching for Texas Rangers : RHP Kyle Curve
|
Batting: RHB Bobby Larson
|
0-0: Ball 1-0: Called Strike 1-1: Ball 2-1: Ground out 6-3 (Groundball, 6, EV 81.9 MPH)
|
Batting: RHB Jose Vasquez
|
0-0: Ball 1-0: Swinging Strike 1-1: SINGLE (Groundball, 6MD, EV 107.5 MPH)
|
Batting: RHB Tony Vargas
|
0-0: Ball 1-0: Called Strike 1-1: Ball 2-1: Ball 3-1: Called Strike 3-2: Ground out 4-3 (Groundball, 4S, EV 71.2 MPH) Jose Vasquez to second
|
Batting: RHB Harutomi Matsubara
|
0-0: Called Strike 0-1: Foul Ball, location: 2F 0-2: Ball 1-2: Ball 2-2: Ball 3-2: Strikes out swinging
|
Top of the 8th over - 0 runs, 1 hit, 0 errors, 1 left on base; Seattle 0 - Texas 1 |
BOTTOM OF THE 8TH |
Texas Rangers batting - Pitching for Seattle Mariners : RHP David Sly
|
Batting: SHB Jun Tsuda
|
0-0: Foul Ball, location: 2F 0-1: Foul Ball, location: 2F 0-2: Strikes out looking
|
Batting: RHB Bobby Ayala
|
0-0: Foul Ball, location: 2F 0-1: Foul Ball, location: 2F 0-2: Foul Ball, location: 2F 0-2: Ball 1-2: Fly out, F9 (Flyball, 9D, EV 90.0 MPH)
|
Batting: SHB Moe Lester
|
0-0: Ball 1-0: Foul Ball, location: 2F 1-1: Ball 2-1: Called Strike 2-2: Foul Ball, location: 2F 2-2: Foul Ball, location: 2F 2-2: Ball 3-2: Ground out 6-3 (Groundball, 4MS, EV 61.9 MPH)
|
Bottom of the 8th over - 0 runs, 0 hits, 0 errors, 0 left on base; Seattle 0 - Texas 1 |
TOP OF THE 9TH |
Seattle Mariners batting - Pitching for Texas Rangers : RHP Kyle Curve
|
Pitching: RHP Brad Kramer
|
|
Batting: RHB Jimmy Hammertime
|
0-0: Foul Ball, location: 2F 0-1: Called Strike 0-2: Strikes out swinging
|
Batting: RHB Corey Ottinger
|
0-0: Ball 1-0: Swinging Strike 1-1: Called Strike 1-2: Ball 2-2: Strikes out swinging
|
Batting: LHB Dae-ik Yoon
|
0-0: Foul Ball, location: 2F 0-1: Ball 1-1: Ball 2-1: Ball 3-1: Swinging Strike 3-2: Strikes out swinging
|
Top of the 9th over - 0 runs, 0 hits, 0 errors, 0 left on base; Seattle 0 - Texas 1 |
|